 Dungeon Crawl Stone Soup version 0.23.2-40-g277498a001 (webtiles) character file.

Game seed: 7756679913377159092

12989 EtherCrawl the Grappler (level 11, -14/109 HPs)
             Began as a Troll Warper on Sept 1, 2019.
             Was a Priest of Kikubaaqudgha.
             Hit by a javelin of returning thrown by Urug (19 damage)
             ... on level 10 of the Dungeon.
             The game lasted 00:30:27 (11958 turns).

EtherCrawl the Grappler (Troll Warper)             Turns: 11958, Time: 00:30:28

Health: -14/109    AC:  7    Str: 22    XL:     11   Next: 69%
Magic:  18/18      EV: 18    Int: 10    God:    Kikubaaqudgha [***...]
Gold:   711        SH:  0    Dex: 10    Spells: 9/21 levels left

rFire    + . .     SeeInvis .     - Unarmed
rCold    . . .     Gourm    +   (no shield)
rNeg     . . .     Faith    .   v - +0 robe
rPois    .         Spirit   .   (helmet restricted)
rElec    .         Reflect  .   H - +0 cloak
rCorr    .         Harm     .   (gloves unavailable)
MR       .....                  (boots unavailable)
Stlth    +.........             F - amulet of magic regeneration
HPRegen  0.68/turn              I - +5 ring of evasion
MPRegen  0.41/turn              r - ring of protection from fire

@: no status effects
A: large, unfitting armour, claws 3, fast metabolism 3, gourmand, regeneration
1, shaggy fur 1, tough skin 3
a: Receive Corpses, Renounce Religion


You were on level 10 of the Dungeon.
You worshipped Kikubaaqudgha.
Kikubaaqudgha was most pleased with you.
You were not hungry.

You visited 2 branches of the dungeon, and saw 11 of its levels.
You also visited: Sewer.

You collected 711 gold pieces.

Inventory:

Missiles
 d - 5 tomahawks of dispersal (quivered)
 e - 399 stones
 w - 140 arrows
 M - a throwing net
Armour
 a - a +0 robe
 u - the +1 robe "Aferghif" {rElec rCorr Str-4 Stlth+}
   (You found it on level 4 of the Dungeon)

   It affects your strength (-4).
   It insulates you from electricity.
   It provides partial protection from all sources of acid and corrosion.
   It makes you more stealthy.
 v - a +0 robe (worn)
 H - a +0 cloak (worn)
Jewellery
 r - a ring of protection from fire (right claw)
 z - an uncursed ring of ice
 F - an amulet of magic regeneration (around neck)
 I - a +5 ring of evasion (left claw)
 K - a +2 amulet of reflection {unknown}
 O - a +2 ring of strength
Wands
 o - a wand of flame (13)
 s - a wand of clouds (6)
 B - a wand of random effects (7)
 G - a wand of scattershot (3)
 N - a wand of polymorph (10)
 R - a wand of acid (6)
Scrolls
 c - 5 scrolls of blinking
 g - 5 scrolls of teleportation
 h - 6 scrolls of remove curse
 j - 2 scrolls of immolation
 t - a scroll of enchant weapon
 x - 2 scrolls of fog
 y - 2 scrolls of magic mapping
 A - a scroll of vulnerability
 C - 2 scrolls of fear
 E - a scroll of identify
 L - a scroll of enchant armour {unknown}
 Q - a scroll of amnesia {unknown}
Potions
 b - 5 potions of agility
 i - 3 potions of brilliance
 k - a potion of ambrosia {unknown}
 l - a potion of cancellation {unknown}
 m - 5 potions of haste
 n - a potion of mutation {unknown}
 p - 7 potions of curing
 q - 2 potions of flight {unknown}
 D - a potion of might {unknown}
 J - 2 potions of resistance {unknown}
Miscellaneous
 P - a crystal ball of energy
Comestibles
 f - 24 rations


   Skills:
 + Level 7.5 Fighting
 - Level 0.8 Throwing
 + Level 7.5 Dodging
 + Level 9.0 Unarmed Combat
 + Level 5.7 Spellcasting
 + Level 5.1 Necromancy
 - Level 4.0 Translocations


You had 9 spell levels left.
You knew the following spells:

 Your Spells              Type           Power        Failure   Level  Hunger
a - Blink                 Tloc           N/A          6%          2    ##.....
b - Pain                  Necr           ##..         2%          1    None
c - Summon Butterflies    Summ           #.......     22%         1    None
d - Regeneration          Chrm/Necr      #.........   22%         3    ###....
e - Bolt of Draining      Conj/Necr      #.........   90%         5    ######.

Your spell library contained the following spells:

 Spells                   Type           Power        Failure   Level  Hunger
 Corpse Rot               Necr           N/A          4%          2    ##.....
 Sublimation of Blood     Necr           ##........   4%          2    ##.....
 Gell's Gravitas          Tloc           ##........   12%         3    ###....
 Lesser Beckoning         Tloc           ##........   12%         3    ###....
 Teleport Other           Tloc           ##......     12%         3    ###....
 Shroud of Golubria       Chrm/Tloc      #.........   14%         2    ##.....
 Flame Tongue             Conj/Fire      #....        22%         1    None
 Throw Flame              Conj/Fire      #.....       32%         2    ##.....
 Passage of Golubria      Tloc           N/A          38%         4    ####...
 Call Canine Familiar     Summ           #.......     54%         3    ###....
 Conjure Flame            Conj/Fire      #.......     54%         3    ###....
 Inner Flame              Hex/Fire       #.......     54%         3    ###....
 Agony                    Necr           ##......     58%         5    ######.
 Dispel Undead            Necr           ##......     58%         5    ######.
 Excruciating Wounds      Chrm/Necr      #.........   90%         5    ######.
 Sticky Flame             Conj/Fire      #.......     91%         4    ####...
 Summon Ice Beast         Ice/Summ       #.......     91%         4    ####...
 Fireball                 Conj/Fire      #.........   99%         5    ######.
 Summon Mana Viper        Hex/Summ       #.......     99%         5    ######.
 Simulacrum               Ice/Necr       #.........   100%        6    #######
 Summon Hydra             Summ           #.........   100%        7    #######


Dungeon Overview and Level Annotations

Branches:
Dungeon (10/15)            Temple (1/1) D:7             Orc (0/2) D:10
   Lair: D:8-11

Altars:
Ashenzari
Cheibriados
Dithmenos
Elyvilon
Fedhas
Gozag
Hepliaklqana
Kikubaaqudgha
Makhleb
Nemelex Xobeh
Okawaru
Qazlal
Ru
Sif Muna
Trog
Uskayaw
Vehumet
Wu Jian
Xom
Yredelemnul
Zin
The Shining One

Shops:
D:10 =

Annotations:
D:10 Urug


Innate Abilities, Weirdness & Mutations

You are too large for most types of armour.
You have claws for hands.
Your metabolism is lightning-fast.
You like to eat raw meat.
Your natural rate of healing is unusually fast.
You are covered in fur. (AC +1)
You have extremely tough skin. (AC +3)


Message History

Urug hits you with a +9 scimitar!!
* * * LOW HITPOINT WARNING * * *
You scratch Urug but do no damage.
Urug is severely wounded.
Urug hits you with a +9 scimitar.
* * * LOW HITPOINT WARNING * * *
Urug throws a javelin of returning.
The javelin of returning hits you!
* * * LOW HITPOINT WARNING * * *
The weapon returns to Urug!
There is a stone staircase leading up, spattered with blood here.
You see here a sling bullet.
Urug throws a javelin of returning.
The javelin of returning closely misses you.
The weapon returns to Urug!
Urug throws a javelin of returning.
The javelin of returning completely misses you.
The weapon returns to Urug!
Urug throws a javelin of returning.
The javelin of returning hits you!!
You die...
Kikubaaqudgha rasps: "You have failed me!
Welcome... death!"

#################################
.................................
...........>...##################
##############.#
##############.############ #####
........................... .....
.o......................... .....
(.....(..........########## #####
################@# #.# #.# #.#
#.################
################<................
............<..o.................
.................................
###############.#################


You could see Urug.

Vanquished Creatures
  Harold (D:9)
  2 two-headed ogres (D:9)
  A flayed ghost (D:9)
  A wizard (D:9)
  Joseph (D:9)
  A gargoyle (D:9)
  A centaur skeleton (D:10)
  A hornet (D:8)
  Grinder (D:6)
  2 hippogriffs
  Sigmund (D:6)
  4 wraiths (D:9)
  A shadow (D:9)
  3 fire bats (D:9)
  A hungry ghost (D:9)
  Grum (D:10)
  A steam dragon (D:9)
  2 soldier ants (D:8)
  2 water moccasins
  A hornet zombie (D:6)
  4 orc warriors
  3 phantoms
  4 sky beasts
  2 necrophages
  An eye of draining (D:10)
  A black bear (D:9)
  3 ice beasts
  6 ogres
  5 centaurs
  3 wolves (D:10)
  3 big kobolds
  Blork the orc (D:6)
  10 bullfrogs
  A water moccasin skeleton (D:5)
  3 scorpions
  9 killer bees
  5 wights (D:10)
  A bullfrog zombie (D:9)
  2 crimson imps
  10 orc wizards
  7 hounds
  9 orc priests
  A bullfrog skeleton (D:4)
  Terence (D:3)
  9 worker ants
  A killer bee zombie (D:9)
  A hound skeleton (D:6)
  14 gnolls
  A howler monkey skeleton (D:9)
  4 river rats (Sewer)
  7 adders
  3 shadow imps
  An ooze (D:5)
  An adder skeleton (D:4)
  5 worms
  A dart slug (D:3)
  5 leopard geckos
  40 orcs
  5 ball pythons
  14 bats
  7 giant cockroaches
  5 goblins
  9 hobgoblins
  11 jackals
  3 quokkas
  7 frilled lizards
  21 kobolds
  A quokka skeleton (D:7)
  25 rats
325 creatures vanquished.

Vanquished Creatures (others)
  A kobold (D:7)
1 creature vanquished.

Grand Total: 326 creatures vanquished

Notes
Turn   | Place    | Note
-------+----------+-------------------------------------------
     0 | D:1      | EtherCrawl the Troll Warper began the quest for the Orb.
     0 | D:1      | Reached XP level 1. HP: 19/19 MP: 1/1
   108 | D:1      | Reached XP level 2. HP: 25/28 MP: 3/3
   133 | D:1      | Learned a level 2 spell: Blink
   318 | D:1      | Reached XP level 3. HP: 33/35 MP: 4/4
   705 | D:2      | You fall through a shaft!
   783 | D:3      | Noticed Terence
   833 | D:3      | Killed Terence
   833 | D:3      | Reached XP level 4. HP: 40/42 MP: 5/5
  1178 | D:3      | Reached XP level 5. HP: 21/50 MP: 6/6
  1643 | D:4      | Reached skill level 3 in Unarmed Combat
  1744 | D:4      | Reached XP level 6. HP: 50/59 MP: 8/8
  1815 | D:4      | Found a sparkling altar of Nemelex Xobeh.
  1938 | D:4      | Found a glowing drain.
  1954 | Sewer    | Entered a sewer
  2408 | Sewer    | Reached XP level 7. HP: 32/67 MP: 9/9
  2972 | D:4      | Got a twisted robe
  2983 | D:4      | Identified the +1 robe "Aferghif" {rElec rCorr Str-4
                  | Stlth+} (You found it on level 4 of the Dungeon)
  3021 | D:4      | Found a deep blue altar of Sif Muna.
  3021 | D:4      | Found a hazy altar of Hepliaklqana.
  3026 | D:4      | Found a basalt altar of Yredelemnul.
  3028 | D:4      | Found a glowing silver altar of Zin.
  3030 | D:4      | Found a shattered altar of Ashenzari.
  3223 | D:5      | Entered Level 5 of the Dungeon
  3558 | D:5      | Reached skill level 4 in Unarmed Combat
  4146 | D:5      | Reached XP level 8. HP: 43/78 MP: 11/11
  4666 | D:4      | Found a hide-covered altar of Uskayaw.
  4773 | D:5      | HP: 1/78 [orc warrior/+0 short sword (16)]
  5035 | D:6      | Noticed Grinder
  5042 | D:6      | Paralysed by Grinder for 4 turns
  5113 | D:6      | Paralysed by Grinder for 2 turns
  5120 | D:6      | Paralysed by Grinder for 7 turns
  5130 | D:6      | Killed Grinder
  5130 | D:6      | Reached skill level 5 in Unarmed Combat
  5534 | D:6      | Noticed Blork the orc
  5545 | D:6      | Killed Blork the orc
  5869 | D:6      | Noticed Sigmund
  5877 | D:6      | Killed Sigmund
  5877 | D:6      | Reached XP level 9. HP: 67/87 MP: 13/13
  5987 | D:6      | Reached skill level 5 in Dodging
  6098 | D:6      | Reached skill level 6 in Unarmed Combat
  6275 | D:6      | Reached skill level 5 in Fighting
  6572 | D:7      | Found a staircase to the Ecumenical Temple.
  6577 | Temple   | Entered the Ecumenical Temple
  6757 | Temple   | Became a worshipper of Kikubaaqudgha
  7099 | D:7      | Reached skill level 1 in Necromancy
  7449 | D:7      | Found an opulent altar of Gozag.
  8190 | D:8      | Paralysed by a hornet for 3 turns
  8209 | D:8      | Reached skill level 7 in Unarmed Combat
  8209 | D:8      | Reached XP level 10. HP: 26/98 MP: 15/15
  8216 | D:8      | HP: 4/98 [soldier ant (6)]
  8635 | D:9      | Noticed a two-headed ogre
  8644 | D:9      | Killed a two-headed ogre
  8699 | D:9      | Found a sacrificial altar of Ru.
  8726 | D:9      | Found a burning altar of Makhleb.
  8750 | D:9      | Reached * piety under Kikubaaqudgha
  8750 | D:9      | Identified Kikubaaqudgha's Collected Works on Evil Magic
                  | (Kikubaaqudgha gifted it to you on level 9 of the Dungeon)
  8750 | D:9      | Received a gift from Kikubaaqudgha
  9204 | D:9      | Found a glowing golden altar of the Shining One.
  9329 | D:9      | Found a hide-covered altar of Uskayaw.
  9373 | D:9      | Reached ** piety under Kikubaaqudgha
  9379 | D:9      | Reached skill level 5 in Spellcasting
  9556 | D:9      | Reached skill level 8 in Unarmed Combat
  9584 | D:9      | Found a runed translucent door.
  9586 | D:9      | Noticed a flayed ghost
  9618 | D:9      | Found a glowing silver altar of Zin.
  9621 | D:9      | Found a shadowy altar of Dithmenos.
  9641 | D:9      | Found an ancient bone altar of Kikubaaqudgha.
  9659 | D:9      | Found a sparkling altar of Nemelex Xobeh.
  9666 | D:9      | Found a sacrificial altar of Ru.
  9686 | D:9      | Noticed a two-headed ogre
  9698 | D:9      | Killed a two-headed ogre
  9698 | D:9      | Reached XP level 11. HP: 78/107 MP: 17/17
  9960 | D:9      | Learned a level 1 spell: Pain
  9962 | D:9      | Learned a level 1 spell: Summon Butterflies
  9966 | D:9      | Learned a level 3 spell: Regeneration
 10133 | D:9      | Killed a flayed ghost
 10180 | D:10     | Entered Level 10 of the Dungeon
 10248 | D:10     | Noticed Grum
 10263 | D:10     | Killed Grum
 10534 | D:10     | Found Fuox's Jewellery Emporium.
 10589 | D:10     | Reached *** piety under Kikubaaqudgha
 10589 | D:10     | Identified Kikubaaqudgha's Tome of Stolen Souls
                  | (Kikubaaqudgha gifted it to you on level 10 of the Dungeon)
 10589 | D:10     | Received a gift from Kikubaaqudgha
 10600 | D:10     | Learned a level 5 spell: Bolt of Draining
 10748 | D:10     | Found a staircase to the Orcish Mines.
 10905 | D:10     | Noticed Joseph
 10908 | D:10     | Noticed a +7 demon blade
 10908 | D:10     | Noticed a wizard
 10908 | D:10     | Noticed Urug
 10994 | D:9      | Paralysed by a wizard for 4 turns
 10999 | D:9      | Killed a wizard
 11311 | D:10     | Noticed Harold
 11591 | D:9      | HP: 1/108 [Harold/harpoon shot (9)]
 11596 | D:9      | Killed Harold
 11596 | D:9      | Reached skill level 5 in Necromancy
 11781 | D:10     | Reached skill level 9 in Unarmed Combat
 11840 | D:9      | Killed Joseph
 11953 | D:10     | HP: 2/109 [Urug/javelin of returning (10)]
 11958 | D:10     | Hit by a javelin of returning thrown by Urug

Skill      XL: |  1  2  3  4  5  6  7  8  9 10 11 |
---------------+----------------------------------+-----
Dodging        | 2 3 4 5 6 7 |  7.5
Fighting       | 2 3 4 5 6 7 |  7.5
Unarmed Combat | 3 4 5 7 8 9 |  9.0
Translocations | 3 4 |  4.0
Spellcasting   | 2 3 4 5 |  5.7
Necromancy     | 2 4 5 |  5.1
Throwing       | |  0.8

Action                   |  1- 3 |  4- 6 |  7- 9 | 10-12 || total
-------------------------+-------+-------+-------+-------++-------
Melee: Unarmed           |   128 |   227 |   478 |   460 ||  1293
       Punch             |     2 |     1 |    11 |    11 ||    25
  Use: Scroll            |       |     5 |     9 |     4 ||    18
       Potion            |       |       |     4 |     3 ||     7
 Stab: Sleeping          |       |       |     1 |       ||     1
  Eat: Chunk             |    13 |    15 |    53 |    31 ||   112
Armor: Robe              |    68 |    92 |    96 |    97 ||   353
       Skin              |       |       |    10 |       ||    10
Dodge: Dodged            |    86 |   159 |   273 |   386 ||   904
